Map: [G8] Gresvan

Players

Solar

  • Race: Zerg Zerg
  • Spawn Location: 11:00

herO - Winner!

  • Race: Protoss Protoss
  • Spawn Location: 5:00

Event: Gamers8 2023

VOD

Have the link to the VOD?

Description

Time

  • Played on: Aug. 4, 2023, 3:18 p.m.
  • Length: 14:06

All games in this series

Show
View Real Time Build Order
Export as new Build Order

Solar Zerg 

Build Orders: Hatch First 

Get SALT Encoding   

  12  0:00  Drone  
  13  0:12  Overlord  
  13  0:17  Drone  
  14  0:40  Drone  
  15  0:45  Drone x2  
  17  0:52  Hatchery  
  17  0:55  Drone  
  17  1:02  Drone  
  18  1:11  Extractor  
  17  1:15  Spawning Pool  
  17  1:18  Drone  
  17  1:23  Drone  
  18  1:35  Drone  
  19  1:46  Drone  
  20  1:55  Overlord  
  20  2:02  Queen  
  20  2:04  Queen, Zergling x2  
  20  2:06  Zergling x2  
  26  2:13  Metabolic Boost  
  26  2:16  Drone x2  
  28  2:26  Drone  
  28  2:27  Drone  
  30  2:41  Zergling x2  
  31  2:44  Hatchery  
  31  2:49  Queen  
  32  2:55  Overlord  
  32  2:56  Drone  
  32  2:57  Drone  
  34  3:05  Drone  
  34  3:09  Spore Crawler  
  34  3:12  Queen  
  34  3:16  Drone x4  
  40  3:20  Zergling x4  
  41  3:28  Drone  
  41  3:30  Overlord  
  42  3:34  Queen  
  44  3:47  Drone  
  44  3:48  Drone  
  44  3:52  Drone x2  
  46  3:57  Queen  
  46  4:00  Drone x5  
  53  4:04  Drone  
  53  4:09  Zergling x2  
  50  4:11  Zergling x2  
  50  4:14  Spore Crawler  
  50  4:15  Zergling x2  
  50  4:16  Zergling x4  
  53  4:18  Zergling x2  
  53  4:22  Spore Crawler  
  53  4:23  Drone x2  
  53  4:32  Drone x2  
  53  4:37  Drone  
  56  4:40  Overlord  
  56  4:42  Evolution Chamber, Spore Crawler  
  56  4:45  Drone  
  53  4:48  Drone x3  
  53  4:51  Overlord  
  53  4:52  Overlord  
  56  4:54  Drone  
  56  4:58  Overlord  
  56  4:59  Drone x2  
  59  5:02  Drone  
  59  5:03  Drone  
  59  5:05  Zergling x4  
  59  5:07  Zergling x2  
  64  5:10  Overlord  
  64  5:12  Drone  
  65  5:16  Drone x4  
  69  5:23  Roach Warren  
  69  5:25  Drone x3  
  69  5:27  Drone  
  69  5:30  Drone x2  
  69  5:34  Zergling x6  
  74  5:36  Zergling x4  
  74  5:41  Lair  
  76  5:46  Overlord  
  76  5:48  Extractor x2, Drone x3  
  77  5:51  Drone x2  
  79  6:01  Drone x3  
  82  6:07  Zergling x12  
  84  6:12  Hatchery  
  84  6:18  Drone x5  
  88  6:24  Evolution Chamber, Overlord  
  87  6:30  Drone x3  
  86  6:33  Drone x3  
  86  6:35  Drone  
  86  6:38  Drone x3  
  93  6:42  Glial Reconstitution, Overlord  
  93  6:43  Roach  
  93  6:46  Overseer  
  95  6:49  Roach  
  95  6:52  Extractor  
  95  6:55  Zergling x4  
  95  7:00  Drone x3  
  100  7:02  Overlord  
  100  7:03  Roach x4  
  100  7:05  Zerg Melee Weapons Level 1  
  110  7:08  Roach  
  110  7:10  Zergling x6  
  110  7:13  Overlord  
  113  7:16  Roach  
  113  7:22  Roach x2  
  116  7:28  Drone  
  117  7:30  Drone  
  117  7:32  Drone x3  
  117  7:33  Roach x6  
  117  7:34  Zergling x2  
  117  7:35  Queen  
  136  7:38  Overlord  
  136  7:41  Drone  
  136  7:43  Drone  
  138  7:45  Drone  
  138  7:46  Drone  
  138  7:49  Overlord  
  140  7:57  Extractor, Drone x5  
  143  7:59  Drone  
  143  8:04  Roach x4, Baneling Nest, Hatchery  
  149  8:12  Zergling x4  
  144  8:13  Extractor, Spire, Zergling x2  
  144  8:14  Zergling x2  
  144  8:16  Zergling x4  
  144  8:18  Zergling x4  
  142  8:22  Drone x3  
  142  8:28  Drone  
  142  8:29  Drone x2  
  142  8:32  Extractor, Overlord  
  142  8:33  Drone x6  
  148  8:41  Overlord  
  148  8:44  Extractor  
  148  8:47  Roach x3  
  153  8:49  Zergling x10  
  153  8:53  Roach  
  157  8:56  Zergling x6  
  157  8:59  Roach  
  157  9:00  Roach x4, Zerg Missile Weapons Level 1, Zergling x2  
  168  9:03  Overlord  
  166  9:14  Overlord  
  166  9:25  Corruptor  
  166  9:26  Corruptor x8  
  166  9:30  Corruptor x2  
  178  9:38  Zerg Flyer Armor Level 1  
  170  9:42  Corruptor  
  170  9:45  Zergling x16  
  178  9:46  Extractor  
  178  9:50  Drone  
  178  9:53  Corruptor x2  
  178  9:56  Corruptor  
  178  9:58  Zergling x6  
  187  10:01  Baneling Nest  
  186  10:07  Drone  
  186  10:08  Overlord  
  186  10:09  Overlord  
  186  10:10  Zergling x6  
  188  10:15  Overlord  
  188  10:17  Overlord  
  188  10:18  Roach  
  188  10:19  Roach x3, Zergling x2  
  181  10:23  Roach x3, Zergling x2  
  181  10:26  Zergling x6  
  189  10:28  Roach  
  189  10:30  Roach  
  189  10:31  Roach  
  189  10:32  Roach  
  189  10:34  Roach  
  192  10:38  Infestation Pit  
  192  10:39  Ravager x4  
  192  10:41  Ravager, Roach x2  
  200  10:43  Zergling x4  
  200  10:46  Corruptor  
  200  10:49  Zergling x2  
  199  10:54  Zergling x14  
  199  10:55  Zergling x2  
  197  10:59  Corruptor  
  197  11:01  Corruptor  
  187  11:06  Zergling x10  
  187  11:07  Zergling x2  
  187  11:09  Roach  
  175  11:12  Roach x2  
  175  11:13  Roach  
  175  11:15  Roach  
  166  11:19  Roach x2  
  166  11:20  Roach x2  
  166  11:21  Roach  
  166  11:24  Corruptor  
  169  11:27  Roach x2  
  169  11:30  Centrifugal Hooks  
  169  11:32  Drone x2  
  172  11:33  Drone  
  172  11:34  Ravager x6  
  172  11:39  Zerg Melee Weapons Level 2  
  179  11:41  Roach x2  
  179  11:46  Corruptor x2  
  187  11:49  Corruptor  
  187  11:51  Zergling x4  
  191  11:55  Corruptor  
  191  11:57  Zergling x8  
  196  12:02  Corruptor  
  196  12:05  Zergling x10  
  196  12:07  Corruptor  
  193  12:11  Corruptor  
  190  12:19  Corruptor x3  
  190  12:23  Zergling x10  
  190  12:24  Zergling x2  
  190  12:27  Corruptor  
  181  12:32  Corruptor x2  
  166  12:40  Roach x5  
  166  12:41  Roach  
  159  12:45  Roach  
  159  12:46  Roach x2  
  159  12:49  Zergling x10  
  159  12:51  Baneling x3  
  162  12:55  Baneling x9  
  162  13:00  Corruptor  
  162  13:05  Zergling x14  
  170  13:07  Corruptor  
  170  13:10  Zergling x4  
  171  13:14  Zergling x10  
  171  13:17  Ravager x4  
  180  13:20  Zergling x10  
  180  13:21  Zergling x2  
  180  13:23  Zergling x4  
  180  13:25  Zergling x4  
  180  13:26  Zergling x2  
  189  13:29  Baneling x3  
  189  13:30  Baneling x4  
  189  13:32  Zergling x6  
  189  13:38  Roach x4  
  181  13:41  Zergling x6  
  181  13:44  Roach x2, Zergling x2  
Show
View Real Time Build Order
Export as new Build Order

herO Protoss - Winner!

Build Orders: 1 Gate Expand, Oracle Opening, Carriers 

Get SALT Encoding   

  12  0:00  Probe  
  13  0:12  Probe  
  14  0:19  Pylon  
  14  0:24  Probe  
  15  0:37  Probe (Chrono Boost)  
  16  0:44  Gateway  
  16  0:46  Probe (Chrono Boost)  
  16  0:49  Assimilator  
  17  0:51  Probe  
  18  1:03  Probe  
  19  1:15  Probe  
  20  1:27  Nexus  
  20  1:37  Cybernetics Core  
  20  1:39  Probe  
  21  1:46  Assimilator  
  21  1:51  Probe  
  22  1:55  Pylon  
  22  2:03  Probe  
  23  2:10  Adept (Chrono Boost)  
  25  2:15  Probe  
  25  2:18  Stargate  
  26  2:27  Warp Gate  
  26  2:28  Probe (Chrono Boost)  
  27  2:33  Adept  
  29  2:39  Probe (Chrono Boost)  
  31  2:46  Probe (Chrono Boost)  
  31  2:49  Probe (Chrono Boost)  
  32  2:53  Probe (Chrono Boost)  
  32  2:54  Probe (Chrono Boost)  
  34  2:59  Oracle (Chrono Boost)  
  34  3:04  Probe  
  38  3:06  Adept, Probe  
  41  3:15  Pylon  
  41  3:19  Probe  
  43  3:20  Probe  
  43  3:30  Oracle (Chrono Boost), Gateway  
  46  3:36  Probe x2  
  46  3:38  Adept  
  48  3:53  Nexus  
  48  3:57  Probe x2  
  49  4:03  Oracle (Chrono Boost)  
  49  4:09  Probe  
  51  4:10  Probe  
  51  4:19  Adept  
  51  4:21  Pylon  
  53  4:26  Probe  
  53  4:31  Probe  
  53  4:32  Assimilator  
  53  4:33  Assimilator  
  53  4:38  Pylon  
  51  4:39  Probe  
  51  4:43  Probe  
  51  4:45  Adept x2  
  57  4:51  Probe (Chrono Boost)  
  58  4:55  Probe (Chrono Boost)  
  58  4:59  Twilight Council  
  59  5:01  Forge  
  59  5:03  Probe (Chrono Boost)  
  59  5:06  Probe x2 (Chrono Boost)  
  62  5:12  Probe (Chrono Boost)  
  62  5:13  Adept x2  
  62  5:14  Probe x2 (Chrono Boost)  
  69  5:19  Probe x2 (Chrono Boost)  
  71  5:21  Probe  
  71  5:26  Protoss Ground Weapons Level 1  
  72  5:31  Probe x2  
  72  5:33  Probe, Blink (Chrono Boost)  
  75  5:40  Adept x2  
  79  5:43  Probe (Chrono Boost)  
  79  5:45  Pylon  
  79  5:47  Probe (Chrono Boost)  
  82  5:51  Probe (Chrono Boost)  
  82  5:55  Probe (Chrono Boost)  
  84  5:57  Pylon  
  84  5:59  Pylon, Probe (Chrono Boost)  
  84  6:00  Probe (Chrono Boost)  
  84  6:01  Probe (Chrono Boost)  
  86  6:07  Probe  
  86  6:10  Probe  
  88  6:12  Probe  
  89  6:19  Gateway  
  89  6:20  Gateway  
  89  6:21  Gateway  
  89  6:22  Stalker  
  89  6:23  Stalker  
  93  6:26  Gateway  
  93  6:36  Probe  
  93  6:37  Probe x2  
  93  6:38  Assimilator  
  93  6:39  Protoss Air Weapons Level 1, Assimilator, Shield Battery  
  96  6:41  Pylon  
  96  6:46  Fleet Beacon  
  96  6:47  Stargate  
  96  6:59  Stalker x2  
  98  7:02  Gateway  
  98  7:04  Photon Cannon  
  98  7:15  Stalker x2  
  102  7:16  Stalker  
  102  7:17  Pylon  
  102  7:19  Pylon  
  102  7:20  Probe x3  
  104  7:30  Carrier (Chrono Boost), Charge  
  104  7:32  Probe  
  104  7:33  Nexus  
  104  7:36  Carrier (Chrono Boost)  
  111  7:42  Protoss Ground Weapons Level 2 (Chrono Boost)  
  111  7:44  Shield Battery  
  117  7:50  Photon Cannon  
  117  7:54  Probe  
  117  7:55  Probe x2  
  120  8:02  Templar Archives  
  120  8:05  Stalker x3  
  122  8:06  Stalker  
  128  8:15  Stalker x2  
  128  8:18  Zealot  
  129  8:22  Probe  
  129  8:23  Probe x2  
  131  8:39  Stalker x2  
  132  8:42  Pylon  
  132  9:01  Stalker x5  
  146  9:06  Carrier (Chrono Boost)  
  146  9:08  Carrier (Chrono Boost)  
  152  9:12  Pylon  
  152  9:13  Pylon  
  152  9:14  Pylon, Assimilator  
  152  9:15  Pylon, Assimilator  
  154  9:28  Nexus  
  154  9:29  Pylon, Zealot x2, Psionic Storm  
  154  9:30  Probe x4  
  159  9:43  Stalker x5  
  169  9:48  Pylon  
  169  9:50  Probe x4  
  173  9:54  High Templar  
  173  9:57  Gateway  
  173  9:58  Gateway  
  175  10:04  High Templar  
  175  10:05  Gateway  
  175  10:06  Gateway  
  177  10:09  Photon Cannon  
  177  10:10  Protoss Air Weapons Level 2 (Chrono Boost)  
  177  10:12  Photon Cannon  
  167  10:24  High Templar x2  
  167  10:25  Zealot x3  
  167  10:26  Probe  
  167  10:27  Probe x3  
  179  10:28  Photon Cannon  
  179  10:37  Photon Cannon  
  179  10:38  Photon Cannon  
  179  10:40  Pylon, Carrier (Chrono Boost)  
  179  10:47  Carrier (Chrono Boost)  
  161  11:05  Stalker x7  
  161  11:09  Archon  
  161  11:10  Archon  
  133  11:27  Probe  
  133  11:28  Probe x4  
  133  11:30  Assimilator x2  
  138  11:34  Carrier (Chrono Boost)  
  138  11:35  Pylon  
  145  11:40  Carrier (Chrono Boost), Probe x5  
  145  11:42  Photon Cannon, Shield Battery  
  145  11:43  Stalker  
  145  11:45  High Templar  
  159  11:49  Protoss Shields Level 1 (Chrono Boost), Nexus  
  159  11:51  Zealot x4, High Templar  
  169  12:03  Stalker x3  
  169  12:14  Stalker x2  
  169  12:15  Stalker x2  
  173  12:20  Stalker x2  
  173  12:21  Stalker  
  169  12:31  Zealot x2  
  169  12:32  Zealot x2  
  169  12:36  Carrier (Chrono Boost)  
  169  12:50  Zealot x6, High Templar  
  183  12:51  Probe  
  183  12:52  Probe x3  
  183  12:56  Photon Cannon  
  183  12:57  Photon Cannon  
  183  12:58  Shield Battery  
  187  13:00  Pylon  
  187  13:06  Assimilator  
  187  13:08  Carrier (Chrono Boost), Assimilator  
  193  13:14  Photon Cannon  
  193  13:15  Photon Cannon, Stalker x2  
  193  13:16  Zealot  
  193  13:18  Shield Battery  
  189  13:45  Archon  
  189  13:48  Stalker x11  
  189  13:50  Robotics Facility  
  189  13:51  Robotics Facility  
Tags
 
Add a new tag
Caveats
  • Supply blocks, unpowered buildings, or Contaminate may cause inaccurate times.
  • Supply counts are checked every 10 seconds.